 Dungeon Crawl Stone Soup version 0.29.1-13-g9f3cf754e1 (webtiles) character file.

Game seed: 14566680003193529310

20530 ThatPearl the Fighter (level 12, -12/153 HPs)
             Began as a Demonspawn Berserker on Feb 4, 2023.
             Was a High Priest of Trog.
             Mangled by an orc knight
             ... wielding a +0 great sword
              (32 damage)
             ... on level 2 of the Orcish Mines.
             The game lasted 00:43:03 (18302 turns).

ThatPearl the Fighter (Demonspawn Berserker)       Turns: 18302, Time: 00:43:04

Health: -12/153    AC: 25    Str: 23    XL:     12   Next: 46%
Magic:  0/21       EV: 15    Int: 14    God:    Trog [*****.]
Gold:   926        SH:  0    Dex: 16    Spells: 11/11 levels left

rFire   . . .      SeeInvis .   N - +5 battleaxe (elec)
rCold   + + .      Faith    .   (shield currently unavailable)
rNeg    . . .      Spirit   +   Q - +2 chain mail of Pughog {Str+4}
rPois   +          Reflect  .   G - +1 helmet "Leboanax" {Int+5}
rElec   .          Harm     .   o - scarf {rC+ rF+}
rCorr   .          Rampage  +   p - +1 pair of gloves
Will    ++...                   D - +2 pair of boots of the Swan {Rampage rPois rF- Will++}
Stlth   ..........              b - amulet of guardian spirit
HPRegen 0.35/turn               A - ring of magical power
MPRegen 0.17/turn               (no ring)

@: mighty, agile, berserking, very quick
A: icy blue scales 3, powered by pain 2
a: Renounce Religion, Berserk, Trog's Hand, Brothers in Arms


You were on level 2 of the Orcish Mines.
You worshipped Trog.
Trog was extremely pleased with you.
You visited 2 branches of the dungeon, and saw 14 of its levels.
You also visited: Ossuary and Bailey.

You collected 1173 gold pieces.
You spent 247 gold pieces at shops.

Inventory:

Hand Weapons
 c - a +1 trident of venom
 r - a +0 war axe
 s - a +4 war axe
 M - a +0 vorpal spear
 N - a +5 battleaxe of electrocution (weapon)
Missiles
 g - 10 boomerangs (quivered)
 z - 17 poisoned darts
 C - 5 throwing nets
Armour
 d - a +1 leather armour of poison resistance
 k - a +0 kite shield
 o - a scarf of resistance (worn)
 p - a +1 pair of gloves (worn)
 D - the +2 pair of boots of the Swan (worn) {Rampage rPois rF- Will++}
   (You bought it in a shop on level 5 of the Dungeon)

   rF:        It makes you vulnerable to fire.
   rPois:     It protects you from poison.
   Rampage:   It bestows one free step when moving towards enemies.
   Will:      It greatly increases your willpower.
 G - the +1 helmet "Leboanax" (worn) {Int+5}
   (You found it on level 6 of the Dungeon)

   Int:       It affects your intelligence (+5).
 H - +0 steam dragon scales
 Q - the +2 chain mail of Pughog (worn) {Str+4}
   (You found it on level 9 of the Dungeon)

   Str:       It affects your strength (+4).
Jewellery
 b - an amulet of guardian spirit (around neck)
 A - a ring of magical power (left hand)
Wands
 i - a wand of roots (10)
 F - a wand of flame (5)
 L - a wand of acid (8)
Scrolls
 a - 4 scrolls of enchant weapon
 e - a scroll of teleportation
 m - a scroll of magic mapping
 y - 3 scrolls of blinking
 E - 3 scrolls of summoning
 P - 6 scrolls of enchant armour
 R - a scroll of fog
Potions
 h - 4 potions of heal wounds
 j - 4 potions of might
 n - 11 potions of curing
 q - 3 potions of haste
 w - 2 potions of magic
 x - 2 potions of flight
 B - 2 potions of berserk rage
 K - 3 potions of mutation
 O - a potion of resistance {unknown}


   Skills:
 + Level 12.0 Fighting
 + Level 11.1 Axes
 + Level 9.8 Armour
 - Level 3.6 Dodging
 + Level 7.0 Evocations


You had 11 spell levels left.
You didn't know any spells.
Your spell library was empty.

Dungeon Overview and Level Annotations

Branches:
Dungeon (12/15)            Temple (0/1) D:6            Lair (0/5) D:11
    Orc (2/2) D:11            Elf (0/3) Orc:2       Ossuary (visited)
 Bailey (visited)

Altars:
Cheibriados
Gozag
Hepliaklqana
Kikubaaqudgha
Nemelex Xobeh
Okawaru
Qazlal
Uskayaw

Shops:
D:5 [   D:7 [!   D:8 [   D:9 *

Annotations:
D:9 3 runed translucent doors, nroviw's ghost, novice HOBe
D:12 Frances


Innate Abilities, Weirdness & Mutations

You are completely covered in icy blue scales. (AC +4, rC+)
You sometimes gain power by taking damage.


Message History

You hit the orc knight but do no damage.
Lightning courses through the orc knight!!
You hit the orc knight.
You hear a shout! x4
An orc high priest comes into view. It is wielding a +0 hand axe.
The orc knight hits you with a +0 great sword!!
You focus on the pain.
You feel agile all of a sudden.
The orc knight hits you but does no damage.
The orc knight roars a battlecry!
The orc warrior shoots a bolt.
The bolt hits you.
You hit the orc knight but do no damage.
The orc knight is heavily wounded.
You hit the orc knight but do no damage.
An ogre comes into view. It is wielding a +0 giant club.
The orc knight hits you with a +0 great sword!
* * * LOW HITPOINT WARNING * * *
The orc knight roars a battlecry!
The orc knight goes into a battle-frenzy!
The orc warrior shoots a bolt.
The bolt closely misses you.
A red film seems to cover your vision as you go berserk!
You feel yourself moving faster!
You feel mighty!
An orc comes into view. It is wielding a +0 whip.
An orc wizard comes into view. It is wielding a +0 dagger. x2
The orc knight closely misses you.
The orc knight hits you with a +0 broad axe!!
* * * LOW HITPOINT WARNING * * *
You focus on the pain.
You feel very mighty all of a sudden.
The orc warrior shoots a bolt.
The bolt hits you.
* * * LOW HITPOINT WARNING * * *
The orc shouts!
You slice the orc knight!!
The orc knight is almost dead.
You slash something! You closely miss the orc knight.
An orc comes into view. It is wielding a +0 war axe.
Something hits you.
* * * LOW HITPOINT WARNING * * *
The orc knight hits you with a +0 great sword!!!
You die...

............$.#....
...o.......o......#.
...Oo..............#
..o.o.[#........$.#
.....o)...........#
.....#.#[#.....#.#
.....o..o[[[.....##
.......{o.)))#..^.#
.......o@)[<$.....##
#....>....)#)......#
.........####.......
.........# ...#...
.......#. ...# .#
....... . ..... #
....... . ##.#..
....... .. ##... .#


You could see 3 orc knights, an orc warrior (strong), an ogre, 4 orc wizards and
2 orcs.

Vanquished Creatures
  An ettin (Orc:1)
  A fire dragon (D:11)
  A boulder beetle (D:11)
  Erolcha (Orc:1)
  2 hydras
  2 two-headed ogres (D:10)
  3 orc knights
  A manticore (D:11)
  2 orc sorcerers (Orc:1)
  Maurice (D:10)
  A cyclops (D:7)
  A gargoyle (D:11)
  A merfolk (D:10)
  5 trolls
  A wraith (D:10)
  Sigmund (D:2)
  3 yaks (D:8)
  A wyvern (D:7)
  A vampire (D:10)
  A steam dragon (D:7)
  Duvessa (D:7)
  5 water moccasins
  2 acid dragons
  3 ice beasts
  25 orc warriors
  3 sky beasts
  8 ogres
  3 black bears
  12 centaurs
  3 phantoms
  A kobold brigand (D:9)
  3 bullfrogs
  2 elf zombies (Ossuary)
  5 scorpions
  2 necrophages (D:7)
  2 gnoll sergeants
  13 wights
  Dowan (D:7)
  4 jellies
  4 howler monkeys
  A centaur zombie (Ossuary)
  3 gnoll boudas
  7 hounds
  15 orc priests
  Ijyb (D:5)
  9 iguanas
  13 orc wizards
  2 mummies (Ossuary)
  35 gnolls
  4 adders
  3 white imps
  3 ufetubi
  3 adder zombies (Ossuary)
  2 worms
  3 dart slugs (D:3)
  69 orcs
  9 ball pythons
  5 endoplasms
  A giant cockroach (D:1)
  5 goblins
  2 hobgoblins
  3 jackals (D:4)
  3 quokkas
  2 bats
  3 frilled lizards
  A goblin zombie (Ossuary)
  10 hobgoblin zombies (Ossuary)
  A jackal zombie (Ossuary)
  12 kobolds
  11 kobold zombies (Ossuary)
  7 orc zombies (Ossuary)
  A rat zombie (Ossuary)
  A spectral orc (D:7)
383 creatures vanquished.

Vanquished Creatures (others)
  5 fungi (D:6)
5 creatures vanquished.

Grand Total: 388 creatures vanquished

Notes
Turn   | Place    | Note
-------+----------+-------------------------------------------
     0 | D:1      | ThatPearl the Demonspawn Berserker began the quest for the
                  | Orb.
     0 | D:1      | Reached XP level 1. HP: 18/18 MP: 1/1
   220 | D:1      | Found a faded altar of an unknown god.
   441 | D:1      | Gained mutation: You sometimes gain a little power by
                  | taking damage. [demonic ancestry]
   441 | D:1      | Reached XP level 2. HP: 23/24 MP: 2/2
   892 | D:2      | Noticed Sigmund
   967 | D:2      | Killed Sigmund
   968 | D:2      | Reached skill level 4 in Fighting
   968 | D:2      | Gained mutation: You sometimes gain power by taking damage.
                  | [demonic ancestry]
   968 | D:2      | Reached XP level 3. HP: 31/31 MP: 3/3
   968 | D:2      | Gained mutation: You are partially covered in icy blue
                  | scales. (AC +2) [demonic ancestry]
   968 | D:2      | Reached XP level 4. HP: 38/38 MP: 4/4
   968 | D:2      | Gained mutation: You are mostly covered in icy blue scales.
                  | (AC +3) [demonic ancestry]
   968 | D:2      | Reached XP level 5. HP: 43/43 MP: 5/5
  1799 | D:3      | Found a snail-covered altar of Cheibriados.
  2287 | D:3      | Reached ** piety under Trog
  2409 | D:3      | Reached skill level 5 in Fighting
  2870 | D:4      | Gained mutation: You are completely covered in icy blue
                  | scales. (AC +4, rC+) [demonic ancestry]
  2870 | D:4      | Reached XP level 6. HP: 29/51 MP: 6/6
  2907 | D:4      | Found a sand-covered staircase.
  3038 | Ossuary  | Entered an ossuary
  3198 | Ossuary  | Reached *** piety under Trog
  3204 | Ossuary  | Reached skill level 5 in Axes
  3205 | Ossuary  | Reached XP level 7. HP: 38/57 MP: 7/7
  3851 | D:4      | Reached skill level 6 in Fighting
  4665 | D:5      | Entered Level 5 of the Dungeon
  4665 | D:5      | Found Viseaqog's Antique Armour Shop.
  4724 | D:5      | Found a sparkling altar of Nemelex Xobeh.
  4759 | D:5      | Reached XP level 8. HP: 54/65 MP: 8/8
  4989 | D:5      | Bought a pair of pitted boots for 247 gold pieces
  4989 | D:5      | Identified the +2 pair of boots of the Swan {Rampage rPois
                  | rF- Will++} (You bought it in a shop on level 5 of the
                  | Dungeon)
  5031 | D:5      | Reached **** piety under Trog
  5389 | D:5      | Reached skill level 7 in Fighting
  5454 | D:5      | Noticed Ijyb
  5483 | D:5      | Reached skill level 5 in Armour
  5495 | D:5      | Killed Ijyb
  6723 | D:6      | Reached XP level 9. HP: 56/74 MP: 9/9
  6913 | D:6      | Reached skill level 8 in Fighting
  6990 | D:6      | Identified the +1 helmet "Leboanax" {Int+5}
  7091 | D:6      | Found an ancient bone altar of Kikubaaqudgha.
  7764 | D:6      | Found a staircase to the Ecumenical Temple.
  7812 | D:7      | Found Eguruit's Antique Armour Shoppe.
  7946 | D:7      | Found Kehanoge's Distillery.
  8437 | D:7      | Noticed Duvessa
  8437 | D:7      | Noticed Dowan
  8447 | D:7      | Killed Duvessa
  8448 | D:7      | Reached skill level 9 in Fighting
  8449 | D:7      | Killed Dowan
  8558 | D:7      | Found a hazy altar of Hepliaklqana.
  8768 | D:7      | Reached ***** piety under Trog
  8777 | D:7      | Reached XP level 10. HP: 34/83 MP: 10/10
  9094 | D:7      | Noticed a cyclops
  9111 | D:7      | Killed a cyclops
 10071 | D:8      | Found a hide-covered altar of Uskayaw.
 10071 | D:8      | Found an iron altar of Okawaru.
 10071 | D:8      | Found a stormy altar of Qazlal.
 10278 | D:8      | Reached skill level 1 in Evocations
 10289 | D:8      | Reached skill level 10 in Fighting
 10909 | D:8      | Found Zemuxtid's Armour Boutique.
 11208 | D:9      | Found a flagged portal.
 11257 | Bailey   | Entered a bailey
 11636 | Bailey   | Noticed an orc knight
 11636 | Bailey   | Noticed an orc knight
 11662 | Bailey   | Killed an orc knight
 11679 | Bailey   | Killed an orc knight
 11960 | Bailey   | Reached XP level 11. HP: 71/92 MP: 7/11
 12220 | D:9      | Identified the +2 chain mail of Pughog {Str+4}
 12373 | D:9      | Noticed a five-headed hydra
 12387 | D:9      | Killed a five-headed hydra
 12697 | D:9      | Found a runed translucent gate.
 12701 | D:9      | Found a runed translucent gate.
 12701 | D:9      | Found a runed translucent gate.
 12701 | D:9      | Found an opulent altar of Gozag.
 12701 | D:9      | Noticed a boulder beetle
 12701 | D:9      | Noticed nroviw's ghost (novice HOBe)
 12701 | D:9      | Noticed a purple ugly thing
 12701 | D:9      | Noticed a death knight
 12703 | D:9      | Found Wotuical's Assorted Antiques.
 13275 | D:10     | Entered Level 10 of the Dungeon
 13624 | D:10     | Noticed a two-headed ogre
 13642 | D:10     | Killed a two-headed ogre
 13643 | D:10     | Reached skill level 10 in Axes
 13919 | D:10     | Noticed a two-headed ogre
 13932 | D:10     | Killed a two-headed ogre
 13933 | D:10     | Reached skill level 11 in Fighting
 14474 | D:10     | Noticed Maurice
 14498 | D:10     | Killed Maurice
 14598 | D:10     | Reached skill level 5 in Evocations
 14900 | D:11     | Noticed a fire dragon
 14901 | D:11     | Found a staircase to the Lair.
 14990 | D:11     | Killed a fire dragon
 15006 | D:11     | Noticed a four-headed hydra
 15531 | D:11     | Killed a four-headed hydra
 15623 | D:11     | Noticed a boulder beetle
 15636 | D:11     | Killed a boulder beetle
 15902 | D:11     | Noticed a sea snake
 15972 | D:11     | Found a staircase to the Orcish Mines.
 16009 | D:11     | Reached XP level 12. HP: 83/100 MP: 12/12
 16926 | D:12     | Noticed Frances
 16974 | Orc:1    | Entered Level 1 of the Orcish Mines
 17140 | Orc:1    | Noticed an ettin
 17152 | Orc:1    | Killed an ettin
 17384 | Orc:1    | Noticed Erolcha
 17388 | Orc:1    | Killed Erolcha
 17603 | Orc:2    | Entered Level 2 of the Orcish Mines
 17603 | Orc:2    | Found a staircase to the Elven Halls.
 17614 | Orc:2    | Received a gift from Trog
 17864 | Orc:2    | Reached skill level 12 in Fighting
 18299 | Orc:2    | Noticed an orc high priest
 18302 | Orc:2    | Mangled by an orc knight

Illustrated notes

Levels and vault maps discovered:
D:1:      minmay_arrival_doors, layout_basic,
          shapermc_ecumenical_altar_mp_vishouse
D:2:      layout_loops_ring, uniq_sigmund
D:3:      layout_loops_corners, mainiacjoe_overflow_brackets
D:4:      layout_loops_corners, enter_ossuary_5, minmay_bisected
D:5:      layout_basic, nemelex_xobeh_ov_fountains_minmay,
          nicolae_stop_n_shop_2, kennysheep_generic_room_6, uniq_ijyb
D:6:      layout_basic, general_overflow_altar, mainiacjoe_overflow_boulevard,
          minmay_temple_entry_fiery, serial_curves, eino_curves_04,
          eino_curves_01, dreamdust_gnoll_farm
D:7:      minmay_slanted_spiral_squares, layout_loops_ring,
          nicolae_hepliaklqana_monster_ancestors, serial_shops,
          kennysheep_mini_moat, shop, st_stairs_10, uniq_duvessa
D:8:      layout_loops_ring, gammafunk_temple_overflow_forgotten, serial_shops,
          nicolae_shop_crystal
D:9:      layout_loops_ring, ebering_ghost_gozag, enter_bailey_2
D:10:     layout_irregular_city, mainiacjoe_overflow_surrounded_room,
          hangedman_fish_farm, uniq_maurice
D:11:     layout_basic, minmay_lair_entry_lava, orc_0_dummy, serial_aquarium,
          aquarium_bridge_long_separate [aquarium_subvault_window,
          aquarium_subvault_bridge, aquarium_subvault_bridge,
          aquarium_subvault_bridge, aquarium_subvault_balcony,
          aquarium_subvault_wall], aquarium_window_fake, aquarium_window_2,
          aquarium_window_1, aquarium_window_fake, aquarium_view_2b,
          aquarium_view_2c
D:12:     minmay_the_grid_octo_triangle [minmay_the_grid_octo_checkered,
          minmay_the_grid_octo_prize_single_spiral,
          minmay_the_grid_octo_odd_swirl], layout_loops_ring, uniq_rupert,
          uniq_frances, uniq_josephine
Orc:1:    layout_diamond_mine, uniq_erolcha
Orc:2:    st_orc_congregation, layout_caves, nicolae_shop_self_help

Skill      XL: |  1  2  3  4  5  6  7  8  9 10 11 12 |
---------------+-------------------------------------+-----
Axes           | 3 4 5 7 8 9 10 11 | 11.1
Fighting       | 4 5 6 7 9 10 11 12 | 12.0
Armour         | 2 3 4 5 7 8 9 |  9.8
Dodging        | 3 |  3.6
Evocations     | 3 5 7 |  7.0

Action                   |  1- 3 |  4- 6 |  7- 9 | 10-12 || total
-------------------------+-------+-------+-------+-------++-------
Melee: Hand axe          |    36 |    90 |       |       ||   126
       Punch             |     1 |     1 |     9 |     3 ||    14
       War axe           |       |   123 |   492 |   125 ||   740
       Battleaxe         |       |       |       |   414 ||   414
       Trident           |       |       |       |    16 ||    16
Invok: Berserk           |     1 |     1 |     3 |     7 ||    12
       Trog's Hand       |       |       |       |     2 ||     2
       Brothers in Arms  |       |       |       |     1 ||     1
Evoke: Wand              |       |       |       |     4 ||     4
  Use: Scroll            |       |       |     6 |    21 ||    27
       Potion            |       |       |       |     7 ||     7
 Stab: Sleeping          |       |       |     1 |       ||     1
       Distracted        |       |       |       |     1 ||     1
Armor: Scale mail        |     8 |    94 |   252 |       ||   354
       Leather armour    |     1 |       |       |       ||     1
       Animal skin       |     1 |       |       |       ||     1
       Steam dragon scal |       |       |    19 |   120 ||   139
       Chain mail        |       |       |       |   318 ||   318
Dodge: Dodged            |    14 |   125 |   295 |   417 ||   851
